 Dungeon Crawl Stone Soup version 0.29-a0-222-g5b244fca1f (webtiles) character file.

Game seed: 1382421062158257444

130 GraveyardiganJr the Firebug (level 5, -3/37 HPs)
             Began as a Human Wanderer on Feb 27, 2022.
             Slain by an ogre
             ... wielding a +0 giant club
              (25 damage)
             ... on level 5 of the Dungeon.
             The game lasted 00:20:53 (2120 turns).

GraveyardiganJr the Firebug (Human Wanderer)        Turns: 2120, Time: 00:20:54

Health: -3/37      AC:  4    Str: 11    XL:     5   Next: 36%
Magic:  7/7        EV: 11    Int: 16    God:
Gold:   9          SH:  0    Dex: 12    Spells: 6/7 levels left

rFire   . . .      SeeInvis .   a - +1 hand axe (flame)
rCold   . . .      Faith    .   (no shield)
rNeg    . . .      Spirit   .   k - +0 robe
rPois   .          Reflect  .   j - +0 helmet
rElec   .          Harm     .   (no cloak)
rCorr   .          Rampage  .   (no gloves)
Will    .....                   e - +0 pair of boots
Stlth   ++........              (no amulet)
HPRegen 0.12/turn               (no ring)
MPRegen 0.10/turn               (no ring)

@: no status effects
A: no striking features
a: no special abilities


You were on level 5 of the Dungeon.
You visited 1 branch of the dungeon, and saw 5 of its levels.

You collected 99 gold pieces.
You spent 90 gold pieces at shops.

Inventory:

Hand Weapons
 a - a +1 hand axe of flaming (weapon)
 b - a +0 hunting sling
Missiles
 i - 43 stones
Armour
 e - a +0 pair of boots (worn)
 j - a +0 helmet (worn)
 k - a +0 robe (worn)
Scrolls
 l - 2 scrolls of magic mapping
Potions
 c - a potion of mutation
 f - a potion of heal wounds
 g - a potion of curing


   Skills:
 + Level 1.4 Fighting
 - Level 1.0 Axes
 + Level 1.0 Armour
 + Level 0.5 Dodging
 + Level 1.7 Stealth
 + Level 1.6 Spellcasting
 * Level 1.6 Conjurations
 * Level 3.2 Fire Magic
 + Level 1.3 Invocations
 + Level 2.7 Evocations


You had 6 spell levels left.
You knew the following spells:

 Your Spells              Type           Power      Damage    Failure   Level
f - Foxfire               Conj/Fire      36%        2x1d5     8%          1

Your spell library contained the following spells:

 Spells                   Type           Power      Damage    Failure   Level
 Animate Skeleton         Necr           2%         N/A       22%         1
 Apportation              Tloc           2%         N/A       22%         1
 Summon Small Mammal      Summ           4%         N/A       22%         1
 Conjure Flame            Conj/Fire      9%         6-21      24%         3
 Flame Wave               Conj/Fire      9%         2d5       61%         4


Dungeon Overview and Level Annotations

Branches:
Dungeon (5/15)
 Temple: D:4-7

Altars:
Xom

Shops:
D:4 [

Annotations:
D:4 Edmund


Message History

Thank you for shopping at Petzad's Armour Boutique!
You can access your shopping list by pressing '$'.
You start putting on your armour.
You continue putting on your +0 pair of boots. x3
Edmund says, "I'm quite good with sums, too."
You continue putting on your +0 pair of boots.
You finish putting on your +0 pair of boots.
Edmund asks, "Have you met my wondrous brother?"
You start putting on your armour.
You continue putting on your +0 helmet. x4
You finish putting on your +0 helmet.
You see here a +0 short sword.
There is a stone staircase leading down here.
You start resting.
Magic restored.
You swap places.
You see here a +0 short sword.
As you read the scroll labelled NYHOUS TOCZI, it crumbles to dust.
Magic quickly surges around you.
It was a scroll of vulnerability.
As you read the scroll labelled XEORUCVINUGHU, it crumbles to dust.
It is a scroll of brand weapon.
Your +1 hand axe is engulfed in flames!
a - a +1 hand axe of flaming (weapon)
Okay, then.
You swap places.
There is a stone staircase leading down here.
You start waiting.
Your kobold dissolves into shadows!
Edmund gestures with his flail.
Edmund says, "People accused me of being a cutpurse!"
The ball python hisses angrily.
Your hound dissolves into shadows!
Edmund grinds his teeth, and then sighs.
Edmund says, "People accused me of being a cutpurse!"
You feel your willpower return.
You climb downwards.
The ogre hits you with a +0 giant club!
There is a stone staircase leading up here.
Found a robe.
The ogre hits you with a +0 giant club!!
Ouch! That really hurt!
You die...

.. . #. #.##.## .
.......#######
#..
#.....#.?...#....
#................
#.$.....<........
####...O@......[
#.......<....
#............
#............
#............
##...........
##.....#....
###########


You could see an ogre.

Vanquished Creatures
  Jessica (D:2)
  2 dart slugs (D:1)
  6 ball pythons
  5 endoplasms
  A giant cockroach (D:1)
  4 hobgoblins
  3 kobolds
  5 bats
  5 frilled lizards
  6 goblins
  5 rats (D:1)
43 creatures vanquished.

Vanquished Creatures (collateral kills)
  A scorpion (D:4)
  An orc (D:4)
2 creatures vanquished.

Vanquished Creatures (others)
  52 foxfires
52 creatures vanquished.

Grand Total: 97 creatures vanquished

Notes
Turn   | Place    | Note
-------+----------+-------------------------------------------
     0 | D:1      | GraveyardiganJr the Human Wanderer began the quest for the
                  | Orb.
     0 | D:1      | GraveyardiganJr set off with the following items: a +1 hand
                  | axe, a +0 robe; and the following spell memorised: Foxfire;
                  | and the following spells available to memorise: Conjure
                  | Flame, Flame Wave
     0 | D:1      | Reached XP level 1. HP: 15/15 MP: 2/2
   166 | D:1      | Reached XP level 2. HP: 17/21 MP: 3/3
   732 | D:1      | Reached XP level 3. HP: 26/26 MP: 1/4
  1358 | D:2      | Noticed Jessica
  1361 | D:2      | Killed Jessica
  1362 | D:2      | Reached skill level 1 in Conjurations
  1362 | D:2      | Reached XP level 4. HP: 32/32 MP: 2/6
  1469 | D:2      | Found a shimmering altar of Xom.
  2042 | D:3      | You fall into a shaft and drop 2 floors!
  2042 | D:5      | Entered Level 5 of the Dungeon
  2042 | D:5      | Noticed a scorpion
  2044 | D:5      | Noticed an ogre
  2047 | D:4      | Noticed Edmund
  2047 | D:4      | Found Petzad's Armour Boutique.
  2056 | D:4      | Killed a scorpion
  2057 | D:4      | Reached skill level 3 in Fire Magic
  2057 | D:4      | Reached XP level 5. HP: 37/37 MP: 5/7
  2060 | D:4      | Bought a +0 pair of boots for 45 gold pieces
  2060 | D:4      | Bought a +0 helmet for 45 gold pieces
  2120 | D:5      | Slain by an ogre

Illustrated notes

Levels and vault maps discovered:
D:1:      saegor_arrival_under_anarchy, layout_loops_ring,
          ebering_dispersal_statue_hall
D:2:      layout_rooms, basic_altar, uniq_jessica
D:3:      layout_basic, mainiacjoe_overflow_alcove_2,
          amcnicky_mini_rare_corridor_liquid, chequers_jeans,
          palyth_stone_intersect
D:4:      layout_basic, minmay_temple_entry_statues_pillars,
          serial_co_window_serial, co_window_of_opportunity_a,
          co_window_corner_a, co_window_of_opportunity_a,
          co_window_of_opportunity_a, co_window_paths_b, co_window_corner_a,
          co_window_paths_a, co_window_broadway_b, co_window_2corner,
          co_window_of_opportunity_b, co_window_corner_b, co_window_corner_b,
          co_window_2corner, co_window_4corner_a, co_window_paths_d,
          serial_shops, nicolae_take_the_stairs, uniq_edmund, uniq_grinder
D:5:      layout_rooms, minmay_bent

Skill      XL: |  1  2  3  4 |
---------------+-------------+-----
Conjurations   | 1 |  1.6
Fire Magic     | 3 |  3.2
Fighting       | |  1.4
Axes           | |  1.0
Armour         | |  1.0
Dodging        | |  0.5
Stealth        | |  1.7
Spellcasting   | |  1.6
Invocations    | |  1.3
Evocations     | |  2.7

Action                   |  1- 3 |  4- 6 || total
-------------------------+-------+-------++-------
Melee: Hand axe          |    40 |    21 ||    61
 Fire: Hunting sling     |       |     3 ||     3
Throw: Stone             |     1 |       ||     1
 Cast: Foxfire           |    27 |     6 ||    33
  Use: Scroll            |     4 |     6 ||    10
 Stab: Sleeping          |     2 |       ||     2
Armor: Robe              |     9 |    13 ||    22
Dodge: Dodged            |    14 |    21 ||    35

Table legend: (Time is in decaauts)
 A = Elapsed time spent in this place.
 B = Non-inter-level travel time spent in this place.
 C = Inter-level travel time spent in this place.
 D = Time resting spent in this place.
 E = Time spent auto-exploring this place.
 F = Levels seen in this place.
 G = Mean time per level.
                   A        B        C        D        E       F      G
               +--------+--------+--------+--------+--------+-----+--------+
         Total |   2132 |   2074 |     58 |    294 |   1212 |   5 |  426.4 |
       Dungeon |   2132 |   2074 |     58 |    294 |   1212 |   5 |  426.4 |
               +--------+--------+--------+--------+--------+-----+--------+

Top non-repeatable levels by time:
     D:1: 1207 daAuts
     D:2: 541 daAuts
     D:3: 305 daAuts
     D:4: 71 daAuts
     D:5: 5 daAuts
